 Dungeon Crawl Stone Soup version 0.19-a0-1049-g462a813 (console) character file.

522 brucemayne the Chopper (level 7, -3/51 HPs)
             Began as a Vampire Berserker on July 31, 2016.
             Was a Follower of Trog.
             Slain by a worker ant (7 damage)
             ... on level 7 of the Dungeon.
             The game lasted 00:05:31 (1313 turns).

brucemayne the Chopper (Vampire Berserker)          Turns: 1313, Time: 00:05:32

Health: -3/51      AC:  1    Str: 18    XL:     7   Next: 1%
Magic:  7/7        EV: 12    Int:  9    God:    Trog [*.....]
Gold:   119        SH:  0    Dex: 14    Spells: 0 memorised, 6 levels left

rFire  . . .     SeeInvis +     a - +1 hand axe
rCold  . . .     Gourm    .     (no armour)
rNeg   + . .     Faith    .     (no shield)
rPois  .         Spirit   .     (no helmet)
rElec  .         Dismiss  .     d - +0 cloak
rCorr  .         Reflect  .     (no gloves)
SustAt .         Harm     .     (no boots)
MR     .....                    (no amulet)
Stlth  +.........               (no ring)
                                (no ring)

@: flying, not resistant to hostile enchantments, very unstealthy
A: fangs 3, see invisible, unbreathing
a: Bat Form, Berserk, Burn Spellbooks, Renounce Religion


You were on level 7 of the Dungeon.
You worshipped Trog.
Trog was aware of your devotion.
You were not thirsty.

You visited 2 branches of the dungeon, and saw 8 of its levels.

You collected 119 gold pieces.

Inventory:

Hand Weapons
 a - a +1 hand axe (weapon)
Missiles
 q - 11 poisoned needles
Armour
 b - a +0 animal skin
 d - a +0 cloak (worn)
 g - a +0 leather armour
 p - a +0 scale mail
Wands
 n - a wand of hasting (3/9)
Scrolls
 j - a scroll of teleportation
 k - a scroll of enchant armour {unknown}
 o - a scroll of identify
Potions
 c - 3 potions of blood
 e - a potion of brilliance
 i - a potion of magic {unknown}
 l - a potion of cancellation {unknown}
 m - a potion of ambrosia {unknown}


   Skills:
 - Level 2.6 Fighting
 + Level 7.3 Axes
 - Level 1.5 Armour
 - Level 2.1 Dodging


You had 6 spell levels left.
You didn't know any spells.

Dungeon Overview and Level Annotations

Branches:
Dungeon (7/15)             Temple (1/1) D:4

Altars:
Ashenzari
Cheibriados
Elyvilon
Fedhas
Gozag
Hepliaklqana
Kikubaaqudgha
Makhleb
Okawaru
Pakellas
Qazlal
Sif Muna
Trog
Uskayaw
Vehumet
Yredelemnul
Zin


Innate Abilities, Weirdness & Mutations

You have razor-sharp teeth.
You have supernaturally acute eyesight. (SInv)
You can survive without breathing.


Message History

You are lethally poisoned!
The worker ant poisons you!
You hit the worker ant. You bite the worker ant.
The worker ant is almost dead.
* * * LOW HITPOINT WARNING * * *
You feel sick. The worker ant bites you.
* * * LOW HITPOINT WARNING * * *
You are more poisoned.
The worker ant poisons you!
Okay, then.
Okay, then.
It was a potion of flight.
You feel very buoyant.
You fly up into the air.
* * * LOW HITPOINT WARNING * * *
You feel sick. The worker ant misses you.
It was a potion of curing.
You feel better. The worker ant bites you.
* * * LOW HITPOINT WARNING * * *
The worker ant bites you!
You die...

..# #... ... ####
#..#. #.# #..#.#
#># ...... #.#
###.. #.# .... #.#
#..## #.########
##...####...<....#
#...@.........####
#...a########.#
........# .#
.#....... .#
........$ .#
.......... .#
........[. .#
.#.......##


You could see a worker ant.

Vanquished Creatures
  A necrophage (D:6)
  A black bear (D:7)
  A centaur (D:6)
  A giant frog (D:6)
  A scorpion (D:5)
  2 hounds
  A worker ant (D:6)
  A hound skeleton (D:4)
  2 adders
  An adder zombie (D:5)
  3 giant geckos
  2 orcs (D:4)
  2 ball pythons
  3 bats (D:2)
  2 giant cockroaches
  A hobgoblin (D:2)
  6 jackals
  3 kobolds
  A quokka (D:2)
  A giant newt (D:3)
  A goblin (D:3)
  A rat (D:1)
38 creatures vanquished.

Notes
Turn   | Place    | Note
-------+----------+-------------------------------------------
     0 | D:1      | brucemayne the Vampire Berserker began the quest for the Orb.
     0 | D:1      | Reached XP level 1. HP: 17/17 MP: 1/1
    71 | D:1      | Reached skill level 3 in Axes
    80 | D:1      | Reached XP level 2. HP: 23/23 MP: 2/2
   284 | D:3      | Reached XP level 3. HP: 27/28 MP: 3/3
   390 | D:4      | Found a staircase to the Ecumenical Temple.
   406 | Temple   | Entered the Ecumenical Temple
   564 | D:5      | Entered Level 5 of the Dungeon
   578 | D:5      | Reached skill level 4 in Axes
   796 | D:5      | Noticed a scorpion
   806 | D:5      | Killed a scorpion
   806 | D:5      | Reached XP level 4. HP: 34/34 MP: 4/4
   807 | D:5      | Reached skill level 5 in Axes
   930 | D:4      | Reached XP level 5. HP: 37/39 MP: 5/5
  1049 | D:6      | Reached ** piety under Trog
  1069 | D:6      | Noticed a centaur
  1085 | D:6      | Killed a centaur
  1085 | D:6      | Reached skill level 6 in Axes
  1133 | D:6      | Noticed a necrophage
  1142 | D:6      | Reached XP level 6. HP: 5/46 MP: 6/6
  1144 | D:6      | HP: 3/69 [necrophage (3)]
  1192 | D:6      | Reached skill level 7 in Axes
  1266 | D:7      | Reached XP level 7. HP: 26/50 MP: 7/7
  1313 | D:7      | Slain by a worker ant

Vault maps used:
D:1:      dpeg_arrival_rooms_c
D:2:      tso_altar
D:3:      lightli_sewer_entry_pipes, uniq_iyjb
D:5:      nicolae_overflow_hidden_temple, first_bread, serial_shops,
          kennysheep_little_box
D:7:      nicolae_ossuary_entry_ruins, the_bakery, uniq_joseph, uniq_duvessa,
          uniq_menkaure
Temple:   regret_index_temple_mists

Skill      XL: |  1  2  3  4  5  6 |
---------------+-------------------+-----
Axes           | 3 4 5 6 7 |  7.3
Fighting       | |  2.6
Armour         | |  1.5
Dodging        | |  2.1

Action                   |  1- 3 |  4- 6 |  7- 9 || total
-------------------------+-------+-------+-------++-------
Melee: Hand axe          |    68 |    52 |     4 ||   124
       Bite              |     7 |     9 |     1 ||    17
Invok: Berserk           |     3 |     2 |       ||     5
       Trog's Hand       |       |     2 |       ||     2
 Abil: End Transformatio |       |     2 |       ||     2
       Bat Form          |       |     2 |       ||     2
  Use: Potion            |     3 |     7 |     3 ||    13
       Scroll            |       |     6 |       ||     6
 Stab: Sleeping          |     1 |     1 |       ||     2
Armor: Animal skin       |     2 |       |       ||     2
       Leather armour    |    15 |    14 |       ||    29
       Skin              |       |     1 |       ||     1
Dodge: Dodged            |    57 |    44 |     2 ||   103
